Map: Fracture LE

Players

badzergling - Winner!

  • Race: Zerg Zerg
  • League: Platinum
  • Spawn Location: 11:00

alekeyee

  • Race: Protoss Protoss
  • League: Platinum
  • Spawn Location: 5:00

VOD

Have the link to the VOD?

Description

Time

  • Played on: Oct. 3, 2018, 8:01 p.m.
  • Length: 22:51
Show
View Real Time Build Order
Export as new Build Order

badzergling Zerg - Winner!

Build Orders: Hatch First 

Get SALT Encoding   

  12  0:01  Drone  
  13  0:13  Overlord  
  13  0:16  Drone  
  14  0:38  Drone x3  
  17  0:57  Drone  
  17  1:00  Hatchery  
  17  1:03  Drone  
  18  1:14  Spawning Pool  
  18  1:17  Extractor  
  16  1:20  Drone  
  17  1:26  Drone  
  18  1:34  Drone  
  19  1:51  Drone  
  20  1:56  Hatchery  
  19  2:06  Zergling x4  
  21  2:11  Queen  
  21  2:14  Overlord  
  23  2:23  Drone x2  
  23  2:27  Zergling x2  
  26  2:39  Drone  
  26  2:40  Drone  
  28  2:46  Roach Warren  
  28  2:48  Drone x2  
  29  2:56  Lair  
  29  3:01  Drone  
  29  3:02  Drone  
  31  3:13  Drone  
  31  3:14  Drone x2  
  31  3:17  Queen  
  36  3:22  Metabolic Boost  
  36  3:38  Roach  
  36  3:39  Roach  
  36  3:40  Overlord x2  
  40  3:58  Queen  
  40  4:00  Spore Crawler  
  40  4:01  Spore Crawler  
  40  4:04  Overseer, Spore Crawler  
  40  4:05  Roach  
  41  4:14  Extractor  
  41  4:15  Overlord  
  40  4:26  Drone  
  40  4:27  Drone x9  
  50  4:39  Drone x5  
  55  4:56  Overseer  
  55  5:09  Drone  
  55  5:10  Drone x2  
  55  5:11  Overlord x5  
  55  5:12  Overlord x2  
  58  5:15  Glial Reconstitution  
  58  5:25  Overlord x3  
  58  5:31  Roach  
  58  5:32  Roach x2  
  58  5:33  Extractor x2  
  62  5:53  Roach x8  
  62  5:54  Roach  
  62  5:56  Zergling x2  
  81  5:59  Zergling x8  
  85  6:06  Drone x4  
  89  6:16  Extractor  
  88  6:19  Roach  
  88  6:20  Roach x2  
  94  6:28  Baneling Nest  
  66  6:49  Drone x6  
  66  6:50  Drone x7  
  66  7:29  Drone x11  
  76  7:41  Hydralisk Den  
  76  7:42  Roach x3  
  76  7:43  Queen  
  83  8:00  Drone x5  
  83  8:03  Ravager  
  83  8:04  Overseer  
  89  8:12  Drone x2  
  85  8:25  Zergling x16  
  64  8:46  Drone  
  64  8:47  Drone x5  
  67  8:57  Baneling  
  67  8:58  Baneling x11  
  67  9:01  Grooved Spines, Hydralisk x5  
  77  9:04  Queen  
  77  9:05  Queen  
  81  9:11  Zergling x2  
  81  9:12  Zergling x2  
  81  9:16  Drone  
  84  9:19  Centrifical Hooks  
  84  9:26  Roach x4  
  92  9:41  Drone x2  
  92  9:43  Extractor, Drone x3  
  96  9:52  Baneling  
  96  9:53  Baneling  
  96  10:02  Zergling x20  
  96  10:04  Ravager  
  96  10:05  Ravager  
  108  10:12  Muscular Augments  
  81  10:54  Zergling x2  
  81  10:55  Zergling x20  
  79  11:10  Hydralisk x5  
  79  11:11  Hydralisk  
  88  11:16  Baneling x14  
  88  11:17  Baneling x17  
  88  11:18  Queen x3  
  92  11:19  Zergling x4  
  92  11:25  Drone  
  99  11:37  Hatchery  
  94  11:56  Hydralisk x11  
  94  11:57  Hydralisk x4  
  113  12:11  Hydralisk  
  113  12:12  Hydralisk x4  
  113  12:13  Zergling x2  
  113  12:14  Zergling x8  
  112  12:32  Zergling x10  
  87  12:54  Hydralisk  
  87  12:55  Hydralisk x9  
  92  13:30  Overseer  
  92  13:33  Zergling x2  
  92  13:34  Zergling x18  
  94  13:43  Queen x2  
  94  13:44  Queen  
  94  13:47  Baneling x2  
  100  14:07  Baneling x16  
  100  14:08  Zergling x2, Baneling x4  
  100  14:09  Zergling x16  
  109  14:11  Hatchery  
  109  14:16  Lurker Den  
  107  14:21  Hydralisk x5  
  109  14:40  Hatchery  
  106  14:46  Hydralisk  
  106  14:47  Hydralisk x6  
  120  14:53  Baneling x18  
  120  15:25  Drone x6  
  120  15:26  Drone x10  
  136  15:32  Spire  
  135  15:39  Overseer x4  
  135  15:47  Extractor x2  
  135  15:49  Spore Crawler x2  
  131  15:52  Spine Crawler  
  130  16:02  Overlord x5  
  130  16:03  Overlord  
  130  16:05  Lurker x2  
  130  16:06  Lurker x5  
  137  16:15  Infestation Pit  
  105  16:51  Infestation Pit  
  105  16:52  Hive  
  105  16:54  Zergling x2  
  105  17:04  Lurker x7  
  105  17:05  Zergling x2  
  105  17:06  Zergling x40  
  130  17:30  Baneling  
  130  17:31  Baneling  
  130  17:32  Baneling x19  
  130  17:33  Baneling  
  92  18:12  Hydralisk  
  92  18:13  Hydralisk x14  
  107  18:21  Corruptor  
  107  18:25  Overlord  
  108  18:37  Greater Spire  
  108  18:42  Drone x7  
  108  18:44  Drone  
  108  18:45  Drone x3  
  119  19:12  Corruptor  
  119  19:13  Corruptor x7  
  136  19:17  Zergling x4  
  136  19:48  Brood Lord x4  
  136  19:51  Zergling x12  
  140  20:19  Brood Lord  
  140  20:20  Brood Lord  
  118  20:31  Hydralisk x8  
  118  20:32  Hydralisk  
  118  20:33  Zergling x22  
  114  21:26  Baneling x15  
  114  21:27  Lurker, Baneling  
  114  21:28  Lurker x3  
  114  21:29  Zergling x16  
  114  21:30  Zergling x16  
  132  21:40  Extractor  
  132  21:41  Extractor  
Show
View Real Time Build Order
Export as new Build Order

alekeyee Protoss 

Build Orders: 1 Gate Expand 

Get SALT Encoding   

  12  0:01  Probe  
  13  0:13  Probe  
  14  0:20  Pylon  
  14  0:25  Probe  
  15  0:34  Probe  
  15  0:42  Probe  
  16  0:43  Gateway  
  17  0:51  Assimilator  
  17  0:52  Probe  
  18  1:04  Probe  
  19  1:16  Probe  
  20  1:29  Nexus  
  20  1:37  Probe  
  21  1:44  Assimilator  
  21  1:49  Probe  
  22  2:01  Probe  
  22  2:05  Pylon  
  22  2:08  Cybernetics Core  
  23  2:23  Probe  
  24  2:34  Stalker  
  24  2:35  Probe  
  25  2:47  Shield Battery, Probe  
  25  2:48  Probe  
  29  2:56  Twilight Council  
  29  2:59  Probe  
  29  3:00  Probe  
  29  3:03  Robotics Facility  
  31  3:11  Probe  
  31  3:12  Probe, Adept  
  35  3:23  Probe  
  35  3:24  Probe  
  37  3:35  Probe  
  37  3:36  Probe  
  37  3:39  Warp Gate  
  39  3:44  Resonating Glaives  
  39  3:47  Probe  
  40  3:48  Probe  
  41  3:59  Probe  
  41  4:01  Probe, Pylon  
  43  4:06  Warp Prism  
  45  4:24  Gateway  
  45  4:25  Gateway  
  45  4:28  Gateway x2  
  45  4:31  Gateway  
  45  4:34  Gateway  
  45  4:38  Pylon  
  45  4:40  Pylon  
  45  5:02  Pylon  
  45  5:43  Adept x2  
  45  5:44  Adept x5  
  59  6:01  Pylon  
  59  6:03  Pylon  
  59  6:08  Adept x3  
  59  6:09  Adept x4  
  73  6:31  Adept  
  73  6:32  Adept x6  
  55  7:03  Immortal  
  55  7:05  Stalker  
  55  7:06  Stalker x6  
  71  7:09  Probe x2  
  71  7:11  Assimilator  
  71  7:12  Assimilator  
  73  7:21  Probe x2  
  65  7:33  Probe  
  66  7:37  Immortal  
  66  7:40  Stalker x4  
  66  7:41  Stalker x3  
  84  7:56  Probe  
  84  7:57  Probe  
  86  8:08  Probe  
  86  8:09  Probe, Nexus  
  70  8:35  Probe x2  
  72  8:48  Probe x2  
  74  8:52  Adept x2  
  74  8:53  Adept x5  
  80  8:57  Immortal  
  80  8:59  Templar Archives  
  80  9:00  Probe x2  
  86  9:11  Pylon  
  86  9:12  Probe x2  
  88  9:21  Probe  
  91  9:24  Probe x2, Psionic Storm  
  91  9:28  Pylon  
  91  9:31  Pylon  
  91  9:33  Probe  
  91  9:34  Charge  
  91  9:36  Immortal  
  96  9:38  High Templar x2  
  96  9:39  High Templar  
  96  9:41  Zealot x3  
  108  9:53  Assimilator  
  108  9:55  Assimilator  
  108  9:59  Shield Battery  
  108  10:16  Immortal  
  103  10:36  Adept x2  
  103  10:37  Adept x5  
  91  10:58  Adept x2  
  91  10:59  Adept x5  
  99  11:07  Probe x3  
  102  11:19  High Templar x3, Probe x2  
  102  11:20  High Templar, Probe  
  113  11:27  Assimilator  
  113  11:31  Probe x2  
  113  11:32  Probe  
  114  11:43  Probe  
  114  11:44  Probe  
  116  12:00  High Templar x4  
  110  12:17  Zealot  
  110  12:18  Zealot x2  
  86  12:40  Archon x2  
  76  12:56  High Templar  
  76  12:57  High Templar x4  
  70  12:59  Probe x3  
  69  13:07  Immortal  
  69  13:08  Zealot x2  
  69  13:10  Archon x2  
  69  13:11  Probe x3  
  70  13:34  Zealot x5  
  70  13:35  Zealot x2  
  70  13:40  Probe  
  70  13:41  Probe x2  
  83  13:50  Warp Prism  
  83  13:53  Probe x2  
  83  13:54  Nexus  
  83  13:55  Probe  
  88  13:58  High Templar x2  
  88  13:59  High Templar x2  
  96  14:03  Stalker x3  
  96  14:05  Probe x2  
  96  14:07  Probe  
  105  14:17  Probe x2  
  105  14:19  Probe, Pylon  
  105  14:21  Pylon  
  105  14:24  Immortal, Assimilator  
  108  14:29  Assimilator  
  92  14:43  Probe  
  92  14:44  Probe x2  
  77  14:50  High Templar  
  77  14:51  High Templar x3  
  85  14:53  Zealot x3  
  85  14:55  Probe x3  
  85  14:56  Immortal  
  94  15:03  Probe x2  
  94  15:04  Probe  
  99  15:11  Probe x2  
  99  15:12  Probe  
  101  15:15  Probe  
  105  15:22  Probe x3  
  105  15:27  Probe  
  109  15:34  Probe  
  109  15:35  Immortal  
  114  15:38  High Templar x3  
  114  15:42  Zealot x2  
  122  15:43  Zealot x2  
  128  15:51  Gateway  
  128  15:52  Gateway  
  128  15:53  Gateway  
  128  15:55  Gateway  
  128  16:03  Nexus  
  128  16:13  Zealot x4  
  128  16:14  Zealot x2  
  92  16:41  Observer  
  92  16:45  High Templar x2  
  92  16:46  High Templar x4  
  101  16:53  Probe x4, Pylon  
  105  16:54  Pylon  
  105  16:56  Observer, Pylon  
  105  17:04  Zealot x2  
  105  17:05  Probe x4, Zealot x3  
  120  17:17  Probe  
  100  17:58  Stalker  
  100  17:59  Stalker x5  
  100  18:00  Stalker x5  
  94  18:23  High Templar  
  94  18:24  High Templar x6  
  94  18:25  High Templar  
  110  18:59  Zealot  
  110  19:00  Zealot x7  
  110  19:01  Zealot  
  132  19:03  Immortal  
  132  19:13  Observer  
  132  19:17  Assimilator  
  132  19:21  Assimilator  
  132  19:22  Zealot x4  
  132  19:23  Zealot x5  
  150  19:42  Immortal  
  141  20:15  Zealot x4  
  141  20:16  Zealot x5  
  151  20:21  Immortal  
  99  20:37  Stalker x6  
  99  20:38  Stalker x2  
  92  21:02  Adept x3  
  92  21:03  Adept x6  
  74  21:20  Immortal  
  74  21:25  High Templar x7  
  88  21:26  High Templar x2  
  88  21:30  Archon x4  
  96  21:44  Nexus  
  93  21:59  Immortal  
  85  22:03  Stalker x4  
  85  22:04  Stalker x3  
  85  22:05  Stalker x2  
  46  22:30  Adept  
  46  22:31  Adept x4  
  46  22:32  Adept  
Tags
 
Add a new tag
Caveats
  • Supply blocks, unpowered buildings, or Contaminate may cause inaccurate times.
  • Supply counts are checked every 10 seconds.